 Dungeon Crawl Stone Soup version 0.29.1-13-g9f3cf754e1 (webtiles) character file.

Game seed: 9563899540653385165

82 cheesebisquit the Shooter (level 4, -1/37 HPs)
             Began as a Minotaur Hunter on Jan 28, 2023.
             Killed from afar by an orc wizard (7 damage)
             ... with a puff of flame
             ... on level 3 of the Dungeon.
             The game lasted 00:06:30 (2406 turns).

cheesebisquit the Shooter (Minotaur Hunter)         Turns: 2406, Time: 00:06:31

Health: -1/37      AC:  3    Str: 15    XL:     4   Next: 21%
Magic:  3/3        EV: 12    Int:  6    God:
Gold:   139        SH:  0    Dex: 16    Spells: 3/3 levels left

rFire   . . .      SeeInvis .   a - +0 shortbow
rCold   . . .      Faith    .   (shield currently unavailable)
rNeg    . . .      Spirit   .   c - +0 leather armour
rPois   .          Reflect  .   (helmet restricted)
rElec   .          Harm     .   (no cloak)
rCorr   .          Rampage  .   (no gloves)
Will    .....                   (no boots)
Stlth   +.........              (no amulet)
HPRegen 0.12/turn               (no ring)
MPRegen 0.08/turn               (no ring)

@: confused
A: horns 2, retaliatory headbutt
a: no special abilities


You were on level 3 of the Dungeon.
You visited 1 branch of the dungeon, and saw 3 of its levels.

You collected 139 gold pieces.

Inventory:

Hand Weapons
 a - a +0 shortbow (weapon)
Missiles
 m - 3 atropa-tipped darts
Armour
 c - a +0 leather armour (worn)
Jewellery
 i - an amulet of regeneration
Scrolls
 b - a scroll of immolation
 e - 4 scrolls of identify {unknown}
 g - 3 scrolls of fear {unknown}
 o - a scroll of teleportation {unknown}
Potions
 d - a potion of haste {unknown}
 f - a potion of mutation {unknown}
 h - a potion of degeneration {unknown}
 j - a potion of might {unknown}
 k - 2 potions of ambrosia {unknown}
 l - a potion of lignification {unknown}
 n - a potion of curing {unknown}


   Skills:
 - Level 2.5 Fighting
 + Level 6.1 Ranged Weapons
 - Level 2.3 Dodging
 - Level 1.0 Stealth


You had 3 spell levels left.
You didn't know any spells.
Your spell library contained the following spells:

 Spells                   Type           Power      Damage    Failure   Level
 Confusing Touch          Hex            0%         N/A       88%         3
 Fulminant Prism          Conj/Hex       0%         3d6       99%         4
 Iskenderun's Mystic Bla  Conj/Tloc      0%         2d3       99%         4
 Lee's Rapid Deconstruct  Erth           0%         3d5*      100%        5
 Yara's Violent Unravell  Hex/Tmut       0%         3d3       100%        5
 Enfeeble                 Hex            0%         N/A       100%        7


Dungeon Overview and Level Annotations

Branches:
Dungeon (3/15)

Altars:

Shops:
D:2 [   D:3 :

Annotations:
D:2 1 runed translucent door, Crazy Yiuf
D:3 1 transporter


Innate Abilities, Weirdness & Mutations

You have a pair of horns on your head.
You reflexively headbutt those who attack you in melee.


Message History

You shoot an arrow.
An orc wizard opens the door.
An orc wizard comes into view. It is wielding a +0 dagger.
You shoot an arrow. The orc wizard shouts!
You hear a shout!
The orc wizard mumbles some strange words.
The orc wizard flickers and vanishes!
Deactivating autopickup; reactivate with Ctrl-A.
The orc wizard points at you and mumbles some strange words.
The puff of flame hits you!
You shoot an arrow. You shoot an arrow.
You hear a shout!
The giant cockroach closely misses you.
An orc wizard comes into view. It is wielding a +0 dagger.
The orc wizard gestures at you while chanting.
You resist with some effort.
The giant cockroach waves its antennae.
The giant cockroach closely misses you.
Non-targeted confused fire: a) +0 shortbow
Press: ? - help, Q - select action, (/) - cycle Dir - look around, f - activate You shoot an arrow.
You feel less confused.
The orc wizard gestures at you while chanting.
The puff of flame hits you!
* * * LOW HITPOINT WARNING * * *
The giant cockroach bites you.
* * * LOW HITPOINT WARNING * * *
Fire: a) +0 shortbow
Press: ? - help, Q - select action, (/) - cycle Shift-Dir - straight line, f - orc wizard
Aim: an orc wizard, wielding a +0 dagger and wearing a +0 robe (severely wounded, 58% to hit)
You shoot an arrow. The arrow hits the orc wizard!
You kill the orc wizard!
The giant cockroach closely misses you. The orc wizard casts a spell at you.
You are confused.
The giant cockroach bites you.
* * * LOW HITPOINT WARNING * * *
The orc wizard points at you and mumbles some strange words.
The puff of flame hits you!
You die...

#..≈≈###.##+## ###
#..≈≈#....... .. ≈≈....
#..≈≈##.###.###.##≈≈..o.
#..≈≈#.g#8###8#..#≈≈....
#..≈≈####.....####≈≈).∩.
#..≈≈≈≈≈≈≈≈~≈≈≈≈≈≈≈§....
#..≈≈≈≈≈≈≈≈~≈≈≈≈≈≈§≈....
#................)......
#...#########.#.@B'.....
##### #...###..... ###.#
### #... ####.# .. ##


You could see a giant cockroach.

Vanquished Creatures
  An orc wizard (D:3)
  2 adders (D:2)
  A worm (D:2)
  A dart slug (D:1)
  An orc (D:3)
  6 ball pythons
  A bat (D:2)
  5 endoplasms
  A giant cockroach (D:2)
  5 goblins
  7 hobgoblins
  2 jackals (D:1)
  10 kobolds
  4 quokkas
  5 frilled lizards
  2 rats (D:1)
54 creatures vanquished.

Vanquished Creatures (others)
  3 plants (D:3)
3 creatures vanquished.

Grand Total: 57 creatures vanquished

Notes
Turn   | Place    | Note
-------+----------+-------------------------------------------
     0 | D:1      | cheesebisquit the Minotaur Hunter began the quest for the
                  | Orb.
     0 | D:1      | Reached XP level 1. HP: 18/18 MP: 0/0
   107 | D:1      | Reached skill level 1 in Stealth
   166 | D:1      | Reached XP level 2. HP: 25/25 MP: 1/1
   455 | D:1      | Reached skill level 5 in Ranged Weapons
   988 | D:2      | Reached XP level 3. HP: 20/30 MP: 2/2
  1194 | D:2      | Found Xyxut's Antique Armour Shop.
  1310 | D:2      | Found a faded altar of an unknown god.
  1530 | D:2      | Found a runed translucent door.
  1531 | D:2      | Noticed Crazy Yiuf
  1796 | D:2      | Reached skill level 6 in Ranged Weapons
  1796 | D:2      | Reached XP level 4. HP: 37/37 MP: 3/3
  2342 | D:3      | Found a transporter.
  2392 | D:3      | Found Cidot's Book Boutique.
  2406 | D:3      | Killed from afar by an orc wizard

Illustrated notes

Levels and vault maps discovered:
D:1:      nzn_arrival_depleted_hourglass, layout_loops_corners
D:2:      layout_basic, serial_shops, shop,
          shapermc_ecumenical_altar_flowoftime, uniq_crazy_yiuf_cottage
D:3:      layout_basic, serial_shops, shop, gammafunk_ghost_gnarly_gnolls,
          minmay_cupped

Skill      XL: |  1  2  3 |
---------------+----------+-----
Stealth        | 1 |  1.0
Ranged Weapons | 5 6 |  6.1
Fighting       | |  2.5
Dodging        | |  2.3

Action                   |  1- 3 |  4- 6 || total
-------------------------+-------+-------++-------
 Fire: Shortbow          |   117 |    41 ||   158
Armor: Leather armour    |     8 |     2 ||    10
Dodge: Dodged            |    16 |    12 ||    28
